 Dungeon Crawl Stone Soup version 0.29.1-debian-4-g95531337e3 (webtiles) character file.

Game seed: 7839097951181356827

7 Dreamer the Shield-Bearer (level 2, 0/21 HPs)
             Began as an Octopode Fighter on Sept 13, 2022.
             Slain by a quokka (3 damage)
             ... on level 1 of the Dungeon.
             The game lasted 00:01:05 (126 turns).

Dreamer the Shield-Bearer (Octopode Fighter)         Turns: 126, Time: 00:01:05

Health: 0/21       AC:  1    Str: 15    XL:     2   Next: 0%
Magic:  2/2        EV: 13    Int: 10    God:
Gold:   0          SH:  4    Dex: 11    Spells: 1/1 levels left

rFire   . . .      SeeInvis .     - Unarmed
rCold   . . .      Faith    .   a - +0 buckler
rNeg    . . .      Spirit   .   (helmet restricted)
rPois   .          Reflect  .   (no amulet)
rElec   .          Harm     .   (no ring)
rCorr   .          Rampage  .   (no ring)
Will    .....                   (no ring)
Stlth   ++........              (no ring)
HPRegen 0.07/turn               (no ring)
MPRegen 0.08/turn               (no ring)
                                (no ring)
                                (no ring)

@: no status effects
A: almost no armour, amphibious, 8 rings, camouflage 1, gelatinous body 1,
(nimble swimmer 1), tentacles
a: no special abilities


You were on level 1 of the Dungeon.
You visited 1 branch of the dungeon, and saw 1 of its levels.

Inventory:

Armour
 a - a +0 buckler (worn)
Scrolls
 e - a scroll of noise {unknown}
 f - a scroll of torment {unknown}
Potions
 b - a potion of might
 c - a potion of brilliance {unknown}
 d - 2 potions of attraction {unknown}


   Skills:
 + Level 3.0 Fighting
 + Level 3.0 Dodging
 + Level 0.8 Stealth
 + Level 3.0 Shields
 + Level 2.1 Unarmed Combat
 + Level 0.2 Spellcasting


You had one spell level left.
You didn't know any spells.
Your spell library contained the following spells:

 Spells                   Type           Power      Damage    Failure   Level
 Inner Flame              Hex/Fire       0%         N/A       83%         3
 Cause Fear               Hex            0%         N/A       99%         4
 Discord                  Hex            0%         N/A       100%        8


Dungeon Overview and Level Annotations

Branches:
Dungeon (1/15)

Altars:


Innate Abilities, Weirdness & Mutations

You cannot wear most types of armour.
You are amphibious.
You can wear up to eight rings at the same time.
Your skin changes colour to match your surroundings (Stealth+).
Your rubbery body absorbs attacks. (AC +1, EV +1)
((You are camouflaged when in or above water. (Stealth+)))
You have tentacles for arms and can constrict up to eight enemies at once.


Message History

A quokka comes into view.
Found a stone staircase leading down.
You see here a scroll labelled HIBERUUSSO.
You see here a scroll labelled HIBERUUSSO.
f - a scroll labelled HIBERUUSSO
Found a leather armour.
An endoplasm comes into view.
Found a stone staircase leading down.
The endoplasm quivers.
The helpless frilled lizard fails to defend itself.
You tentacle-slap the frilled lizard. Your grab misses the frilled lizard.
The frilled lizard is heavily wounded.
The frilled lizard hisses.
The frilled lizard barely misses you.
You tentacle-slap the endoplasm. Your squeeze misses the endoplasm.
The endoplasm is heavily wounded.
The frilled lizard barely misses you.
The endoplasm hits you but does no damage.
The frilled lizard bites you. You block the endoplasm's attack.
You tentacle-slap the frilled lizard but do no damage.
You grab the frilled lizard. You squeeze the frilled lizard.
You kill the frilled lizard!
You tentacle-slap the endoplasm.
You squeeze the endoplasm, but do no damage.
The endoplasm is almost dead.
The endoplasm freezes you.
You are frozen.
The quokka bites you.
You tentacle-slap the endoplasm.
You kill the endoplasm!
The quokka bites you.
* * * LOW HITPOINT WARNING * * *
You have reached level 2!
You tentacle-slap the quokka but do no damage.
Your grab misses the quokka. The quokka completely misses you.
You tentacle-slap the quokka. Your grab misses the quokka.
The quokka is heavily wounded.
The quokka bites you.
* * * LOW HITPOINT WARNING * * *
The quokka bites you.
You die...

########
########......##
#...^..........##
#...............#
#...............#...
#...........@.......
#...........r....>..
#........)..........
#...................
#.†.................
#...............[...
###.................
#######............>#...
.....................#+
####


You could see a quokka.

Vanquished Creatures
  2 endoplasms (D:1)
  A goblin (D:1)
  A hobgoblin (D:1)
  A frilled lizard (D:1)
  A rat (D:1)
6 creatures vanquished.

Notes
Turn   | Place    | Note
-------+----------+-------------------------------------------
     0 | D:1      | Dreamer the Octopode Fighter began the quest for the Orb.
     0 | D:1      | Reached XP level 1. HP: 16/16 MP: 1/1
    88 | D:1      | Found a faded altar of an unknown god.
   125 | D:1      | Reached XP level 2. HP: 5/21 MP: 2/2
   126 | D:1      | Slain by a quokka

Illustrated notes

Levels and vault maps discovered:
D:1:      dpeg_arrival_round_a, layout_rooms,
          hellmonk_ecumenical_altar_lost_god, serial_curves, eino_curves_04,
          eino_curves_02

Action                   || total
-------------------------++-------
Melee: Unarmed           ||    16
       Constrict         ||     4
       Tentacles         ||     4
 Stab: Sleeping          ||     1
Armor: Skin              ||     2
Dodge: Dodged            ||     6
Block: Buckler           ||     2
